[Event "Slovakia Open 2022"]
[Site "Bratislava"]
[Date "2022.10.02"]
[Round "9.2"]
[White "Yankelevich, Lev"]
[Black "Laurusas, Tomas"]
[Result "1-0"]
[ECO "B12"]
[WhiteElo "2484"]
[BlackElo "2563"]
[Annotator "TA"]
[PlyCount "129"]
[EventDate "2022.09.30"]
[EventCountry "SVK"]
[SourceTitle "playchess.com"]
[Source "ChessBase"]
[SourceQuality "1"]
[TimeControl "2700+10"]

1. e4 c6 2. d4 d5 3. e5 Bf5 4. Nf3 e6 5. Be2 Nd7 6. O-O h6 7. a4 {[%emt 0:00:11] B12: Caro-Kann: Advance Variation.} a6 8. c3 Ne7 9. a5 {[%emt 0:00:06] White has an edge. has lost popularity (9.b4).} c5 10. dxc5 Nxc5 11. Nd4 Bh7 {[%emt 0:00:42] [#]} 12. b4 $146 ({Predecessor:} 12. Nd2 Nc6 13. N2f3 Be7 14. Re1 O-O 15. Bf1 Qc7 16. Bf4 Ne4 17. Qa4 Bc5 18. Rec1 {1-0 (69) Ter Sahakyan,S (2645)-Jumabayev,R (2637) Chess.com INT 2021}) 12... Nd7 13. Qa4 (13. f4 $14) 13... Nf5 ({Black should try} 13... g5 $11) 14. Ba3 (14. Nxf5 $14 Bxf5 15. g4) 14... Be7 $15 15. b5 O-O 16. bxa6 Bxa3 17. Qxa3 bxa6 18. Nxf5 (18. Nf3 $15) 18... Bxf5 $17 ({But not} 18... exf5 $6 19. f4 $11) 19. Qd6 {[%emt 0:00:02] [#]} (19. f4 $17 {was worth a try.}) 19... Qc8 (19... Qb8 $1 $19 {...Qb2 is the strong threat.} 20. c4 (20. Qxd7 $2 Qb2 $17) 20... Qb2) 20. c4 Rd8 21. cxd5 Nc5 22. Qe7 Rxd5 {[%emt 0:05:03] Threatens to win with ...Nb3.} ({Stronger than} 22... Rd7 23. Qh4 $15) 23. Na3 $2 {[%emt 0:02:55] [#]} (23. Nc3 $17 Rxe5 24. Qd6) 23... Nb3 $1 $19 24. Rad1 {[%emt 0:02:50] [#]} Nd4 25. Bh5 g6 26. Bf3 (26. Rc1 Qd8 27. Qxd8+ Raxd8 28. Bf3) 26... Nxf3+ 27. gxf3 Bd3 $2 (27... Qc3 28. Rde1 Qxf3) 28. Rfe1 Qc3 {[%emt 0:00:02][%cal Od3e2] aiming for ...Be2!} 29. Nb1 Qxa5 ({Not} 29... Bxb1 $2 30. Rxb1 Qxf3 31. Qb4 $19) 30. f4 Rad8 31. Qh4 (31. Rc1 $142) 31... h5 32. Rc1 Rd4 33. Nc3 Rc4 34. Ra1 Qc7 35. Nd1 Rdd4 36. Qg3 (36. h3 {keeps fighting.}) 36... h4 37. Qg5 Rxf4 {[%emt 0:00:13] ( -> ...Rg4+)} 38. Ne3 {[%emt 0:00:01] Prevents Rg4+.} Bf5 39. h3 Bxh3 40. Kh2 Bf5 41. Rxa6 Rxf2+ 42. Kg1 Rb2 $4 (42... Rcf4 43. Ra8+ Kh7 44. Qf6 Rf1+ 45. Rxf1 Rxf1+ 46. Kxf1 Qc1+ 47. Kf2 Qd2+ 48. Kf3) (42... Rf3 $19 {and all is fine. White must now prevent ...Rg3+.} 43. Nxf5 exf5 44. Rxg6+ fxg6 45. Qxg6+ Qg7 46. Qxg7+ Kxg7) 43. Ra8+ $18 Kh7 $2 (43... Rb8 44. Rxb8+ Qxb8 45. Nxc4 Qa7+ 46. Qe3 Qxe3+ 47. Nxe3 f6 48. Nxf5 gxf5) 44. Qf6 Rb8 {[%emt 0:00:44] Prevents Qh8+.} 45. Rxb8 Qxb8 46. Nxc4 Qa7+ 47. Ne3 Qd4 48. Qxf7+ Kh6 49. Qf8+ Kh5 50. Qd6 Qa7 51. Qd2 {[%emt 0:00:46] Hoping for Qe2+.} g5 52. Qf2 Bg6 53. Rd1 Qa4 54. Rd8 {[%emt 0:00:31] Threatening mate with Rh8+.} Qa1+ 55. Qf1 Qxf1+ 56. Kxf1 g4 57. Kf2 g3+ 58. Kf3 Bb1 59. Ng2 Kg5 60. Rg8+ Kf5 61. Nxh4+ Kxe5 62. Ke3 Ba2 63. Rxg3 Bd5 64. Nf3+ Kf6 65. Kf4 {[%emt 0:00:02] Never resign too early!  Weighted Error Value: White=0.90/Black=0.45} 1-0

[Event "Slovakia Open 2022"]
[Site "Bratislava"]
[Date "2022.10.02"]
[Round "9.3"]
[White "Heberla, Bartlomiej"]
[Black "Kraus, Tomas"]
[Result "1/2-1/2"]
[ECO "D31"]
[WhiteElo "2568"]
[BlackElo "2479"]
[Annotator "TA"]
[PlyCount "248"]
[EventDate "2022.09.30"]
[EventCountry "SVK"]
[SourceTitle "playchess.com"]
[Source "ChessBase"]
[SourceQuality "1"]
[TimeControl "2700+10"]

1. d4 d5 2. c4 e6 3. Nf3 a6 4. cxd5 exd5 5. Nc3 h6 6. Bf4 Nf6 7. e3 Bd6 8. Bd3 O-O 9. O-O Bxf4 10. exf4 Bg4 11. h3 Bxf3 12. Qxf3 Nc6 13. Ne2 Re8 14. Rad1 Qd6 15. Bb1 Qb4 16. b3 Ne4 17. Qd3 Qb5 18. Qc2 Re7 19. Nc3 Qa5 20. Nxe4 Rxe4 21. f3 Nb4 22. Qd2 Re7 23. Rfe1 Rae8 24. Rxe7 Rxe7 25. Kf2 Kf8 26. Rc1 Qb6 27. Rc5 a5 28. a3 Na6 29. Rxa5 Qxb3 30. Ba2 Qb6 31. Rxd5 c5 32. dxc5 Nxc5 33. Qd4 Nd3+ 34. Kg3 Qxd4 35. Rxd4 Nc5 36. Rd5 Rc7 37. Rd6 Ke7 38. Rb6 Nd7 39. Rb2 b6 40. Re2+ Kf6 41. Rd2 Ke7 42. Re2+ Kf6 43. Re3 Nc5 44. Kf2 Ne6 45. Bxe6 fxe6 46. Rb3 Rc2+ 47. Kg3 Ra2 48. h4 g6 49. Kh3 Kf5 50. Kg3 (50. Rb4 $14) 50... h5 (50... Kf6 $11) 51. Re3 Kf6 52. Rd3 Kf5 53. Rb3 Ra1 54. Rc3 Ra2 55. Re3 (55. Rc6 $14) 55... Ra1 (55... Kf6 $11) 56. Rd3 Ra2 $1 57. Rd8 Kf6 $1 58. Rd3 Kf5 $1 59. Rb3 Ra1 $1 60. Rxb6 Rxa3 61. Rb7 Kf6 $1 62. Kh3 (62. Rb5 $14) 62... Rc3 (62... Ra4 $11) 63. Rh7 $14 Ra3 64. Kh2 Ra4 65. Kg3 Ra2 66. Rb7 ({White should try} 66. Rc7 $14) 66... Ra4 (66... Ra3 $1 $11) 67. Rb3 Rc4 68. Re3 Ra4 69. Re4 Ra2 70. Kh2 Rb2 71. Kg1 Rb1+ 72. Kf2 Rb2+ 73. Re2 Rb4 74. Kg3 Ra4 75. Re4 Ra2 $1 76. Kh2 Rb2 $1 77. Kh3 Rb3 78. Kg3 Rb2 79. Rc4 Ra2 80. Kh2 Kf5 81. Rc5+ Kf6 $1 (81... Kxf4 $2 82. Rg5 $18) 82. Re5 Rb2 83. Kg1 (83. Kh3 $14) 83... Rb1+ ({Black should play} 83... Rb4 $1 $11) 84. Kf2 $14 Rb2+ 85. Re2 Rb4 $1 86. Kg3 (86. g3 $14) 86... Ra4 $11 87. Rb2 Rc4 88. Rb8 Rc2 (88... Ra4 $11) 89. Kh3 (89. Rb4 $1 $14) 89... Rc3 ({Better is} 89... Rc4 $11) 90. Kh2 (90. Rd8 $14) 90... Rc2 (90... Rc4 $11) 91. Rf8+ $14 Kg7 92. Ra8 (92. Rd8 $14 {was preferrable.}) 92... Kf6 (92... Rc4 $1 $11) 93. Ra3 Rb2 94. Kh3 Rb4 95. g3 Rc4 96. Rd3 Ra4 97. Re3 Rb4 98. Kg2 Rb2+ 99. Kh3 Rb4 100. Ra3 Rc4 $1 101. Rb3 Ra4 102. Re3 Rb4 $1 103. g4 (103. Rc3 $14) 103... Rxf4 $11 104. g5+ Kf7 105. Ra3 e5 106. Ra7+ Kf8 107. Kg3 Rf5 108. Rb7 Rf4 109. Rb6 ({Resist} 109. Rb5 Rf5 $14) 109... Kf7 110. Rb7+ Kf8 111. Rb5 Rf5 $1 112. Kf2 Rf4 113. Rb8+ Kf7 114. Rb7+ Kf8 115. Kg3 Rf5 116. Rb4 Kf7 117. Ra4 Kf8 118. Kf2 Kf7 119. Ke3 Kg7 120. Ra7+ Rf7 121. Ra5 Rf4 122. Rxe5 Rxh4 123. Re7+ Kf8 124. Ra7 Rb4 1/2-1/2

[Event "Slovakia Open 2022"]
[Site "Bratislava"]
[Date "2022.10.02"]
[Round "9.4"]
[White "Korobov, Anton"]
[Black "Mikrut, Dariusz"]
[Result "1-0"]
[ECO "E94"]
[WhiteElo "2671"]
[BlackElo "2316"]
[Annotator "TA"]
[PlyCount "117"]
[EventDate "2022.09.30"]
[EventCountry "SVK"]
[SourceTitle "playchess.com"]
[Source "ChessBase"]
[SourceQuality "1"]
[TimeControl "2700+10"]

1. d4 Nf6 2. c4 g6 3. Nc3 Bg7 4. e4 d6 5. Be2 O-O 6. Nf3 e5 7. O-O Nbd7 8. Qc2 c6 9. Rd1 Qe7 10. d5 c5 11. Rb1 h6 {[%emt 0:05:56] E94: King's Indian: Classical: 6 Be2 e5 7 0-0: Various Black 7th moves.} 12. g3 {[%emt 0:01:11] [#]} Nh7 $146 ({Predecessor:} 12... b6 13. Nh4 Kh7 14. Na4 Ng8 15. a3 Bf6 16. Ng2 Bg5 17. f4 exf4 18. gxf4 Bf6 19. Nc3 {½-½ (46) Del Rio de Angelis,S (2490)-Valensi,B (2154) Istanbul 2003}) 13. Nh4 {[%emt 0:00:03] White is more active.} h5 (13... Ndf6 $14) 14. a3 Bf6 (14... Ng5 $14 {was preferrable.}) 15. Ng2 Ng5 16. Be3 Nh3+ 17. Kh1 Bg5 (17... Rd8 $14 {feels stronger.}) 18. f4 $16 exf4 19. gxf4 Bh6 20. b4 b6 21. Rf1 $1 Nf6 22. bxc5 bxc5 23. e5 dxe5 (23... Ng4 $11 24. Bxg4 hxg4) 24. fxe5 $2 (24. d6 $1 $18 Qe8 25. f5 Bxe3 26. Nxe3) 24... Bxe3 $11 25. exf6 Qe5 26. Nxe3 Qxe3 27. Qc1 (27. Bf3 $11) 27... Qxc1 ({Don't play} 27... Nf2+ 28. Kg2 (28. Kg1 Nh3+ 29. Kg2 Re8 $11) 28... Qxc1 29. Rfxc1 $16 (29. Rbxc1 Ng4 $14)) (27... Re8 $1 $17 {...Bf5 is the strong threat.} 28. Qxe3 Rxe3) 28. Rbxc1 Re8 29. Rfe1 Bf5 30. Bf1 Nf2+ 31. Kg1 Ng4 32. Na4 Ne5 33. Kf2 {[%emt 0:01:28] Against Nf3} Nd7 34. Re7 Rec8 {[%emt 0:02:35] [#]} ({Better is} 34... Rab8 $15) 35. Bd3 $1 $36 {[%emt 0:00:54][%mdl 2048] White is more active.} Nxf6 36. Bxf5 gxf5 37. Kf3 {[%emt 0:00:24] aiming for Kf4.} Ne4 38. Nc3 Kf8 39. Re5 Nd6 40. Nb5 Nxb5 41. cxb5 {[%emt 0:00:01][%mdl 4096] Endgame KRR-KRR} Rab8 42. a4 a6 $1 43. bxa6 Rb6 44. Rxf5 (44. a7 {looks sharper.} Ra8 45. Rxc5 Rxa7 46. a5) 44... Rxa6 45. Rxh5 Rc7 46. Rc4 Rb7 47. Rh8+ ({Much less strong is} 47. Rxc5 Rxa4 48. Rc3 Rb1 $14) 47... Kg7 48. Rc8 Rf6+ ({Black should try} 48... Rb4 $14 49. Rxb4 (49. R4xc5 Raxa4 50. Rc3 Rh4 $11) 49... cxb4) 49. Ke3 $16 {[%emt 0:01:50] Strongly threatening Rg4+.} Rb3+ 50. Ke4 Rh6 (50... Rh3 $16) 51. R8xc5 $18 Rxh2 $2 (51... Rb1 $16 52. h4 Rxh4+ 53. Ke5 Rh5+ 54. Kd6 Rh6+ 55. Kd7 f5) 52. Ke5 $1 Rb6 53. Rc6 Rb8 {[%emt 0:00:11] [#]} 54. Rc8 $1 Rh5+ $2 {[%emt 0:00:30] [#]} (54... Rb7 {was worth a try.} 55. a5 Ra7 56. Rg4+ Kh7) 55. Kd6 $1 {[%emt 0:00:09] White is clearly winning.} Rb1 56. a5 Ra1 57. R8c5 Rd1 (57... Rh8 $142 58. Ke7 Re1+ 59. Kd7 Ra8) 58. Kc7 {[%emt 0:00:21] Threatens to win with Ra4.} Rdxd5 59. Rb5 $4 {[%emt 0:00:12][%mdl 40960] Quite a comeback for Black.  Weighted Error Value: White=0.19 (very precise) /Black=0.32. Loss on time!?} 1-0

[Event "Slovakia Open 2022"]
[Site "Bratislava"]
[Date "2022.10.02"]
[Round "9.5"]
[White "Klabis, Rokas"]
[Black "Kushko, Dmitriy"]
[Result "1-0"]
[ECO "B07"]
[WhiteElo "2396"]
[BlackElo "2302"]
[Annotator "TA"]
[PlyCount "80"]
[EventDate "2022.09.30"]
[EventCountry "SVK"]
[SourceTitle "playchess.com"]
[Source "ChessBase"]
[SourceQuality "1"]
[TimeControl "2700+10"]

1. e4 d6 2. d4 Nf6 3. Nc3 g6 4. Be3 c6 5. h3 Qb6 6. Qc1 {[%emt 0:00:38] B07: Pirc Defence: Miscellaneous Systems.} Bg7 7. Nf3 O-O 8. Bd3 {[%emt 0:00:10] White is slightly better.} Qc7 9. O-O Nbd7 10. a4 {[%emt 0:00:20][%cal Ba2a4,Ba4a5][%mdl 32] [#]} Re8 $146 ({Predecessor:} 10... e5 11. dxe5 Nxe5 12. Nxe5 dxe5 13. a5 Nh5 14. Bc5 Rd8 15. Qe3 Qb8 16. Bc4 Nf4 {1-0 (39) Vasiesiu,D (2440)-Iordachescu,V (2562) Romania 2001}) 11. a5 e5 12. dxe5 Nxe5 13. Nxe5 Rxe5 14. Bf4 Re8 15. Bh2 Be6 16. Rd1 Rad8 17. Ra3 Qc8 18. Bf1 d5 19. exd5 Bxd5 20. Nxd5 cxd5 21. Rc3 Qf5 22. Rf3 Qd7 23. Rb3 {[%emt 0:00:01] [#] Strongly threatening Bb5.} Re6 24. Qf4 Ne4 25. Qc7 {[%emt 0:05:57] Against Be5} Qxc7 26. Bxc7 Rc8 27. Bf4 $36 {[%emt 0:00:44][%mdl 2048] White is more active.} ({Of course not} 27. Rxb7 Re7 28. Rxa7 Rexc7 29. Rxc7 Rxc7 $15) 27... Nc5 (27... Rxc2 $2 28. Rxb7 Re8 29. f3 $16 (29. Rxd5 Rxf2 30. Be3 Rxb2 $18)) 28. Rb4 Re4 29. Rxe4 dxe4 30. c3 Bf8 31. Rd4 Nb3 32. Rd7 Nxa5 (32... Nc5 $16 {was necessary.} 33. Rd4 Ne6 34. Rxe4 Nxf4) 33. b4 $18 {[%emt 0:00:01][%mdl 64] [#] Deflection} Nb3 34. Rxb7 {[%emt 0:00:02] White is more active.} Bg7 $2 {[%emt 0:00:22][%mdl 8192] This move loses the game for Black.} (34... Rxc3 $16 {is a better chance.} 35. Rxa7 Rc2) 35. Rxa7 Bxc3 36. b5 {[%emt 0:00:01] Hoping for b6.} Bd4 37. b6 Bxb6 38. Rb7 Rc6 (38... Bd4) 39. Bh6 {[%emt 0:00:19] Threatening mate with Rb8+.} f5 40. Bb5 {[%emt 0:00:11] A strong pair of Bishops.} Rd6 {[%emt 0:00:11] Weighted Error Value: White=0.21 (precise) /Black=0.34} 1-0

[Event "Slovakia Open 2022"]
[Site "Bratislava"]
[Date "2022.10.02"]
[Round "9.6"]
[White "Hnatyshyn, Anastasiia"]
[Black "Stevik, Patrik"]
[Result "1-0"]
[ECO "B06"]
[WhiteElo "2087"]
[BlackElo "2148"]
[Annotator "TA"]
[PlyCount "79"]
[EventDate "2022.09.30"]
[EventCountry "SVK"]
[SourceTitle "playchess.com"]
[Source "ChessBase"]
[SourceQuality "1"]
[TimeControl "2700+10"]

1. e4 g6 2. d4 Bg7 3. f4 d6 4. Nf3 c5 5. c3 Bg4 {[%emt 0:00:19] [#]} (5... Nf6 $11) 6. dxc5 $1 $16 {[%emt 0:02:16] B06: Modern Defence.} Bxf3 (6... Nf6 $16) 7. Qxf3 $18 ({Don't take} 7. gxf3 $6 Nc6 $16) 7... dxc5 {[%emt 0:00:02] [#]} 8. Bc4 $146 {[%emt 0:00:54] White is clearly better.} ({Predecessor:} 8. Bb5+ Nc6 9. Bxc6+ bxc6 10. e5 Qd5 11. O-O Nh6 12. c4 Qxf3 13. Rxf3 Nf5 14. Nc3 {0-1 (24) Makarevich,G (2008)-Okladnikov,G (2217) Novosibirsk 2008}) 8... e6 9. O-O {[%emt 0:00:42] f5 is the strong threat.} Qb6 $2 (9... Nc6 10. Be3 b6) 10. Na3 (10. f5 $142) 10... Ne7 $2 (10... Nf6 11. e5 Nfd7) 11. Be3 (11. f5 $142 {Threatens to win with f6.} gxf5 12. Bb5+ Kf8 13. exf5 exf5 14. Bf4) 11... Qxb2 $2 (11... O-O 12. Rfd1 Na6) 12. Nb5 O-O 13. Rfc1 {[%emt 0:03:08] Prevents Qc2.} (13. Bxc5 $142 Rc8 14. Ba3) 13... a6 14. Rab1 Qxc1+ 15. Rxc1 axb5 16. Bxb5 ({Weaker is} 16. Bxc5 bxc4 17. Bxe7 Re8 $16) 16... b6 (16... Rc8 {was called for.} 17. a4 Na6) 17. a4 (17. f5 $142 {And now f6 would win.} gxf5 18. exf5 Nxf5 19. Bxc5 bxc5 20. Qxa8) 17... Nbc6 18. e5 Na5 19. Rd1 Nd5 20. Bf2 Rfd8 $2 (20... Nc7 21. Qd3 Nd5) 21. Bh4 {[%emt 0:01:52] A strong pair of Bishops.} Rdc8 22. c4 Nb4 23. Rd7 Nac6 24. h3 Nd4 25. Qb7 Rab8 26. Qe4 Bh6 27. Be7 {[%emt 0:04:29] [#] Black must now prevent Rxd4.} Ra8 $2 (27... Na2 28. Kh2 Nc3) 28. Rxd4 cxd4 29. Bxb4 d3 30. g3 Rd8 31. Bd6 g5 32. fxg5 Bxg5 33. Qg4 h6 34. h4 f5 35. Qf3 (35. exf6 $142 d2 36. hxg5) 35... Bf6 36. exf6 {[%emt 0:01:54] White mates.} Rxd6 37. Qxa8+ Kf7 38. Qh8 Kg6 39. Qg7+ Kh5 40. Be8# {[%emt 0:00:02] Black did not feel at home in the position after the opening.  Weighted Error Value: White=0.44/Black=0.71} 1-0

[Event "Slovakia Open 2022"]
[Site "Bratislava"]
[Date "2022.10.02"]
[Round "9.7"]
[White "Roshka, Yevgeniy"]
[Black "Babula, Vlastimil"]
[Result "1-0"]
[ECO "D43"]
[WhiteElo "2497"]
[BlackElo "2574"]
[Annotator "TA"]
[PlyCount "73"]
[EventDate "2022.09.30"]
[EventCountry "SVK"]
[SourceTitle "playchess.com"]
[Source "ChessBase"]
[SourceQuality "1"]
[TimeControl "2700+10"]

1. d4 d5 2. c4 c6 3. Nf3 Nf6 4. Qb3 e6 5. g3 Nbd7 6. Bg2 Bd6 7. O-O O-O 8. Nc3 b6 {[%emt 0:00:22] D43: Semi-Slav: 5 Bg5 h6.} 9. Bf4 (9. e4 $14 {deserves consideration.} dxe4 10. Ng5) 9... Bxf4 $11 10. gxf4 Bb7 {[%emt 0:06:40] [#] The position is equal.} 11. Rac1 $146 ({Predecessor:} 11. cxd5 cxd5 12. Rfc1 Qe7 13. a4 Rfc8 14. a5 Ba6 15. Ne5 Rab8 16. axb6 Rxb6 17. Qa4 Nxe5 18. fxe5 {1-0 (65) Dolezal,R (2416)-Mojzis,J (2182) Tabor 2010}) 11... c5 12. Rfd1 Qe7 13. Ne5 (13. cxd5 $11 Nxd5 14. Nxd5 Bxd5 15. Qe3) 13... dxc4 ({Better is} 13... Nxe5 $17 14. fxe5 Nh5) 14. Qxc4 Bxg2 15. Kxg2 cxd4 16. Nc6 (16. Rxd4 Nxe5 17. fxe5 Nd7 $15) 16... Qc5 {[%emt 0:01:06] [#]} (16... Qe8 $1 $11 17. Rxd4 (17. Qxd4 Nb8 $11) 17... a5) 17. Rxd4 (17. Qxc5 $1 $16 Nxc5 18. Rxd4) 17... Qh5 18. Qb5 {[%emt 0:03:18] Against e5. Active counter play!} Qg4+ (18... Nc5 $11 {keeps the balance.}) 19. Kh1 $16 Nc5 $2 {[%emt 0:02:15] Loses the game.} (19... Qh3 $14 20. Rg1 (20. Ne7+ Kh8 $16) 20... Kh8) 20. b4 $18 Qh4 {[%emt 0:00:15][%cal Of6g4] [#] ( -> ...Ng4!)} 21. f3 {[%emt 0:00:32] Against Ng4} (21. bxc5 {is a self mate.} Ng4) (21. Ne7+ Kh8 22. f3 (22. bxc5 Ng4 23. Kg2 Qxh2+ 24. Kf3 Qxf2+ 25. Kxg4 Qg2+ 26. Kh4 f5) 22... Nce4 23. Nxe4 (23. fxe4 Ng4) 23... Nxe4 $11) 21... Nb7 22. Qg5 Qxg5 23. fxg5 Nh5 (23... Nd5 {was worth a try.} 24. Nxd5 exd5 25. Rxd5 Nd8) 24. Rd7 Nd8 25. Ne7+ ({Much less strong is} 25. Nxa7 $6 f6 $16) 25... Kh8 26. Nb5 Nf4 27. Rxa7 Rxa7 28. Nxa7 Nxe2 (28... g6 $142 29. a4 Kg7) 29. Rc8 {[%emt 0:00:29] Hoping for Nac6.} e5 30. Nac6 Ne6 31. Nxe5 g6 32. Rxf8+ Nxf8 33. Nxf7+ Kg7 34. Ne5 Ne6 35. a4 Nc1 $2 (35... Nc3 36. a5 bxa5) 36. Nd5 Nxg5 37. a5 {[%emt 0:00:31] Weighted Error Value: White=0.22 (precise) /Black=0.65} 1-0

[Event "Slovakia Open 2022"]
[Site "Bratislava"]
[Date "2022.10.02"]
[Round "9.8"]
[White "Pasti, Aron"]
[Black "Kukelko, Alexey"]
[Result "1/2-1/2"]
[ECO "B66"]
[WhiteElo "2350"]
[BlackElo "2280"]
[Annotator "TA"]
[PlyCount "65"]
[EventDate "2022.09.30"]
[EventCountry "SVK"]
[SourceTitle "playchess.com"]
[Source "ChessBase"]
[SourceQuality "1"]
[TimeControl "2700+10"]

1. e4 c5 2. Nf3 d6 3. d4 Nf6 4. Nc3 cxd4 5. Nxd4 Nc6 6. Bg5 e6 7. Qd2 a6 8. O-O-O h6 9. Bxf6 Qxf6 10. Nb3 {[%emt 0:01:15] 10.Nxc6 is more fashionable.} g5 {[%emt 0:03:23] B66: Sicilian: Richter-Rauzer: 7...a6 8 0-0-0 h6.} (10... b5 $11) 11. Kb1 $14 Bd7 {[%emt 0:03:06] [#]} 12. g3 $146 ({Predecessor:} 12. h4 Rg8 13. hxg5 hxg5 14. Nc5 Rb8 15. Nxd7 Kxd7 16. Rh3 b5 17. Rd3 Qe5 18. Qe3 Kc7 19. g3 g4 20. Ne2 Kb7 21. f4 gxf3 22. Qxf3 Be7 23. c3 Qg7 {½-½ (23) Stanojoski,Z (2514)-Danchevski,O (2441) Struga 2008}) 12... g4 {[%emt 0:05:13] White is slightly better.} 13. h3 h5 14. hxg4 hxg4 15. Rxh8 Qxh8 16. Nc5 Bc8 (16... O-O-O $5 17. Nxd7 Kxd7 $11) 17. N5a4 {[%emt 0:01:45] aiming for Nb6.} b5 {[%emt 0:01:59] [#] And now ...Rb8 would win.} 18. Nb6 Rb8 19. Nxc8 Rxc8 20. a4 b4 21. Na2 a5 22. Ba6 Rc7 23. c3 ({Don't take} 23. Bb5 Qe5 $14) 23... Qe5 {[%emt 0:01:28] The position is equal.} 24. cxb4 axb4 25. Bb5 Qxe4+ 26. Ka1 Kd8 $1 27. Qg5+ Kc8 28. Qg8 Na5 29. Qxf8+ Kb7 30. Nc1 {[%emt 0:07:30] Against Nb3+} Rxc1+ {[%emt 0:02:49][%mdl 64] [#] Remove Defender, Decoy} 31. Rxc1 {[%emt 0:00:04] Intending Qc8+ and mate. The board is on fire.} Nb3+ 32. Ka2 {[%emt 0:00:01] White threatens Qc8+ and mate.} Nxc1+ 33. Ka1 {[%emt 0:00:10] Weighted Error Value: White=0.05 (flawless) /Black=0.09 (flawless)} 1/2-1/2

[Event "Slovakia Open 2022"]
[Site "Bratislava"]
[Date "2022.10.02"]
[Round "9.9"]
[White "Slovak, Kilian"]
[Black "Nemsak, Denis"]
[Result "1/2-1/2"]
[ECO "B01"]
[WhiteElo "2278"]
[BlackElo "2012"]
[Annotator "TA"]
[PlyCount "68"]
[EventDate "2022.09.30"]
[EventCountry "SVK"]
[SourceTitle "playchess.com"]
[Source "ChessBase"]
[SourceQuality "1"]
[TimeControl "2700+10"]

1. e4 d5 2. exd5 Nf6 3. d4 Nxd5 4. c4 Nb6 5. Nf3 g6 6. Nc3 Bg7 7. c5 Nd5 8. Bc4 Nxc3 {[%emt 0:00:05] B01: Scandinavian Defence.} 9. bxc3 O-O 10. Bg5 Nc6 {[%emt 0:00:20] White is slightly better.} 11. O-O h6 12. Bh4 g5 13. Bg3 Bg4 {[%emt 0:00:08][%cal Oe7e5] [#]} 14. Qd3 $146 ({Predecessor:} 14. h3 Bh5 15. Re1 b6 16. Bd3 Rc8 17. Be4 Na5 18. Qc2 e6 19. Ne5 f5 20. Bd3 bxc5 {1-0 (87) Varadi,V (2432)-Paschall,W (2351) Hungary 2009}) 14... Na5 15. Bb5 e6 16. Ne5 Bf5 17. Qe2 b6 18. cxb6 {[%emt 0:01:40] White is more active.} axb6 19. f4 Qd5 20. fxg5 hxg5 21. Bd3 ({Better is} 21. Rae1 $16) 21... Bxd3 $1 $11 22. Nxd3 c5 23. dxc5 bxc5 (23... Bxc3 $11 24. Rac1 Bd4+ 25. Bf2 bxc5) 24. Rad1 (24. Ne5 $1 $16 f5 25. Rad1) 24... Bxc3 25. Ne5 Bd4+ 26. Kh1 (26. Rxd4 $5 Qxd4+ 27. Bf2 $11) 26... Nc6 27. Nxc6 Qxc6 28. h4 (28. Be5 $15 Qa6 29. Qe4) 28... Ra3 29. Qg4 {[%emt 0:00:29] [#]} (29. Bh2 $17) 29... Qd5 $2 ({Not} 29... Rxa2 30. Qxg5+ Kh7 31. Rf3 $11 (31. Bf4 e5 $15)) (29... f6 $1 $19 {White must now prevent ...Rf7.} 30. Rd2 Ra7) 30. Rd2 (30. Bd6 $1 $11) 30... Kg7 $40 {[%emt 0:02:01][%mdl 128] White is in trouble.} 31. Re2 {[%emt 0:02:48][%cal Og3e5] [#]} Re3 {[%emt 0:03:45] Inhibits Be5+. aiming for ...Rxe2.} 32. Rxe3 (32. Rfe1 $17 Rxe2 33. Rxe2) 32... Bxe3 $19 33. Kh2 (33. Qh5 {was necessary.}) 33... Ra8 {[%emt 0:01:43] Threatens to win with ...f5.} 34. Be1 Rxa2 {[%emt 0:00:35][%mdl 32768] Weighted Error Value: White=0.34/Black=0.24 (precise) . An unexpected result.} 1/2-1/2

[Event "Slovakia Open 2022"]
[Site "Bratislava"]
[Date "2022.10.02"]
[Round "9.10"]
[White "Nytra, Ondrej"]
[Black "Kostolansky, Sebastian Lukas"]
[Result "0-1"]
[ECO "B47"]
[WhiteElo "2233"]
[BlackElo "2398"]
[Annotator "TA"]
[PlyCount "75"]
[EventDate "2022.09.30"]
[EventCountry "SVK"]
[SourceTitle "playchess.com"]
[Source "ChessBase"]
[SourceQuality "1"]
[TimeControl "2700+10"]

1. e4 c5 2. Nf3 e6 3. d4 cxd4 4. Nxd4 Nc6 5. Nc3 Qc7 6. Be2 a6 7. O-O Nf6 8. Re1 {[%emt 0:02:03] B47: Sicilian: Taimanov: 5 Nc3 Qc7 6 f4, 6 g3 and 6 Be2.} Nxd4 9. Qxd4 {[%emt 0:00:06] Hoping for e5.} Bd6 {[%emt 0:00:05] Inhibits e5.} 10. g3 {[%emt 0:00:57] [#]} Be5 $146 ({Predecessor:} 10... b5 11. Bf3 Be5 12. Qd3 Bb7 13. Bg5 Rc8 14. Bxf6 gxf6 15. Rad1 b4 16. Ne2 Bxb2 {0-1 (44) Djuric,S (2462)-Miladinovic,I (2571) Subotica 2008}) 11. Qd3 O-O (11... b5 $142) 12. f4 Bxc3 13. bxc3 d5 14. e5 Ne4 15. c4 $1 Rd8 16. Bf3 b5 17. cxd5 ({Much worse is} 17. cxb5 axb5 18. Be3 (18. Bxe4 dxe4 19. Qxb5 Ba6 $15) 18... Bd7 $15) (17. Bxe4 dxe4 18. Qe2 Bb7 $15) 17... exd5 18. Bb2 Bb7 19. Bd4 Rac8 20. Re2 Qa5 (20... Qd7 $11 {keeps the balance.}) 21. f5 $1 $16 Rc4 22. f6 {[%emt 0:00:16] aiming for Qe3.} Qb4 $1 23. a3 Qa4 (23... Qf8 $16 {keeps fighting.}) 24. Bxe4 $4 (24. c3 $1 $18 {is the narrow road to win.}) 24... dxe4 $19 25. Qe3 Rcxd4 26. Rae1 {[%emt 0:06:43] White threatens Qg5 and mate.} Rd1 27. Qg5 Qd4+ 28. Kg2 e3+ $1 (28... g6 29. Qh6 e3+ 30. Kh3 Bc8+ 31. Kg2 Bb7+ 32. Kh3 Bc8+ 33. Kg2 Bb7+ $11) 29. Kh3 {[%emt 0:00:09][%csl Gf6][%cal Rg5g7] [#]} Bc8+ $1 30. g4 {[%emt 0:00:22] [#]} Qxg4+ $1 31. Qxg4 Bxg4+ 32. Kxg4 gxf6 33. Rxd1 Rxd1 34. exf6 {[%emt 0:00:06] KR-KR} Rd6 {[%emt 0:00:28] White must now prevent ...Re6. Black is more active.} 35. Kg5 $2 {[%emt 0:01:15][%mdl 8192] [#]} (35. Rxe3 $17 Rxf6 36. a4) 35... Rd1 $2 (35... Re6 $1 $19 {Strongly threatening ...Kf8.} 36. h3 Kf8) 36. h4 (36. Rxe3 $11 Rg1+ 37. Kh4) 36... Kf8 (36... Rg1+ $17 37. Kf4 Rf1+ 38. Kg5 Rf3) 37. h5 $2 (37. Rxe3 $11 {and White stays safe.} Rd5+ 38. Kf4) 37... h6+ $2 ({Better is} 37... Rd5+ $19 38. Kf4 Rd6) 38. Kxh6 {[%emt 0:04:41][%mdl 32768] Weighted Error Value: White=0.48/Black=0.48. Sensor Board Error (Ke4/e5)?} 0-1